 Dungeon Crawl Stone Soup version 0.18.1-48-g4cf74bf (webtiles) character file.

17 Iskender the Magician (level 2, 0/19 HPs)
             Began as a Mummy Wizard on Sept 6, 2016.
             Slain by a jackal (1 damage)
             ... on level 1 of the Dungeon.
             The game lasted 00:04:44 (584 turns).

Iskender the Magician (Mummy Wizard)                 Turns: 584, Time: 00:04:45

Health: 0/19       AC:  2    Str: 10    XL:     2   Next: 44%
Magic:  0/6        EV: 12    Int: 17    God:
Gold:   19         SH:  0    Dex: 10    Spells: 4 memorised, 0 levels left

rFire  . . .     SeeInvis .     a - +0 whip
rCold  . . .     Gourm    .     e - +0 robe
rNeg   + + +     Faith    .     (no shield)
rPois  ∞         Spirit   .     b - +0 hat
rElec  .         Dismiss  .     (no cloak)
rCorr  .         Reflect  .     (no gloves)
SustAt .         Harm     .     (no boots)
MR     +....                    (no amulet)
Stlth  ++........               i - ring of protection from magic
                                k - ring of fire

@: very slightly contaminated, repel missiles, somewhat resistant to hostile
enchantments, unstealthy
A: no food or potions, fire vulnerability, cold resistance 1, negative energy
resistance 3, torment resistance, unbreathing
a: no special abilities


You were on level 1 of the Dungeon.
You were not hungry.

You visited 1 branch of the dungeon, and saw 1 of its levels.

You collected 19 gold pieces.

Inventory:

Hand Weapons
 a - a +0 whip (weapon)
 j - a +0 dagger
Missiles
 f - 41 stones (quivered)
 h - 21 arrows
Armour
 b - a +0 hat (worn)
 e - a +0 robe (worn)
Jewellery
 i - a ring of protection from magic (right hand)
 k - a ring of fire (left hand)
Scrolls
 d - a scroll of magic mapping
Books
 c - a book of Minor Magic

   Spells                             Type                      Level
   a - Magic Dart                     Conjuration                  1
   b - Blink                          Translocation                2
   c - Call Imp                       Summoning                    2
   d - Repel Missiles                 Charms/Air                   2
   e - Slow                           Hexes                        2
   f - Conjure Flame                  Conjuration/Fire             3
   g - Mephitic Cloud                 Conjuration/Poison/Air       3


   Skills:
 - Level 1.5 Dodging
 - Level 1.5 Stealth
 - Level 3.0 Spellcasting
 + Level 2.0 Conjurations
 - Level 0.7 Summonings
 - Level 0.7 Translocations


You couldn't memorise any spells.
You knew the following spells:

 Your Spells              Type           Power        Failure   Level  Hunger
a - Magic Dart            Conj           #...         10%         1    N/A
b - Call Imp              Summ           #.......     24%         2    N/A
r - Repel Missiles        Chrm/Air       #.....       30%         2    N/A
v - Blink                 Tloc           N/A          24%         2    N/A

Dungeon Overview and Level Annotations

Branches:
Dungeon (1/15)

Altars:


Innate Abilities, Weirdness & Mutations

You do not eat or drink.
Your flesh is vulnerable to fire.
You are immune to poison.
Your flesh is cold resistant.
You are immune to negative energy.
You are immune to unholy pain and torment.
You can survive without breathing.


Message History

Your crimson imp blinks!
You closely miss the jackal.
The jackal is almost dead.
The jackal closely misses you. The jackal misses you.
Casting: Magic Dart
Confirm with . or Enter, or press ? or * to list all spells.
Aiming: Magic Dart
Press: ? - help, Shift-Dir - straight line, f/p - jackal
Aim: a jackal (severely wounded)
The magic dart hits the jackal.
The jackal is almost dead.
The jackal bites you.
* * * LOW HITPOINT WARNING * * *
You barely miss the jackal.
The jackal is almost dead.
The jackal closely misses you. The jackal barely misses you.
You hit the jackal.
You kill the jackal!
The jackal bites you.
You die...

...'.......###......###..........
...##....#.###...".......#.......
...##....#.#.......).....#.###.#.
...##†...#.#.............#.....##
...##.####.#..######.....##....#
...##.####.#..........##.##....##
'#>.....÷......................'.
.#'##.####....###........##....##
...............h@.####...........
.....############................
.....########....................
.#'#.......##..........###.......
.#.'.......''..........+.........
.#.#.......##..........###.......
.#.#.......##............#....[..
.+.#.......##....####....########
.###........!....# #....#


You could see a jackal.

Vanquished Creatures
  4 bats (D:1)
  A giant cockroach (D:1)
  3 goblins (D:1)
  A jackal (D:1)
  2 giant newts (D:1)
  2 kobolds (D:1)
  4 rats (D:1)
17 creatures vanquished.

Vanquished Creatures (collateral kills)
  A jackal (D:1)
1 creature vanquished.

Grand Total: 18 creatures vanquished

Notes
Turn   | Place    | Note
--------------------------------------------------------------
     0 | D:1      | Iskender the Mummy Wizard began the quest for the Orb.
     0 | D:1      | Reached XP level 1. HP: 13/13 MP: 4/4
    37 | D:1      | Reached skill level 1 in Conjurations
   247 | D:1      | Reached XP level 2. HP: 7/19 MP: 0/6
   257 | D:1      | Learned a level 2 spell: Call Imp
   260 | D:1      | Learned a level 2 spell: Blink
   263 | D:1      | Learned a level 2 spell: Repel Missiles
   584 | D:1      | Slain by a jackal

Skill      XL: |  1  2 |
---------------+-------+-----
Conjurations   | 1 2 |  2.0
Dodging        | |  1.5
Stealth        | |  1.5
Spellcasting   | |  3.0
Summonings     | |  0.7
Translocations | |  0.7

Action                   || total
-------------------------++-------
Melee: Whip              ||    36
       Unarmed           ||    12
 Cast: Magic Dart        ||    25
       Call Imp          ||     1
       Repel Missiles    ||     1
  Use: Scroll            ||     2
 Stab: Sleeping          ||     1
Armor: Robe              ||    13
Dodge: Dodged            ||    50
